 Dungeon Crawl Stone Soup version 0.29.0-7-g18a832c13a (webtiles) character file.

Game seed: 2763423134689241722

17698 robertstho the Cleaver (level 12, 0/120 HPs)
             Began as a Tengu Berserker on Aug 30, 2022.
             Was a High Priest of Trog.
             Slain by a death knight
             ... wielding a +3 morningstar
              (18 damage)
             ... on level 12 of the Dungeon on Aug 31, 2022.
             The game lasted 00:13:29 (8451 turns).

robertstho the Cleaver (Tengu Berserker)            Turns: 8451, Time: 00:13:29

Health: 0/120      AC: 13    Str: 23    XL:     12   Next: 50%
Magic:  13/13      EV: 14    Int: 14    God:    Trog [*****.]
Gold:   670        SH:  7    Dex: 17    Spells: 11/11 levels left

rFire   x . .      SeeInvis .   f - +6 broad axe "Juowk" {elec, Will+ Dex+4}
rCold   . . .      Faith    .   L - +0 kite shield
rNeg    . . .      Spirit   .   s - +3 ring mail of Ime Rorr {rF- Regen+ rCorr}
rPois   +          Reflect  .   (helmet restricted)
rElec   .          Harm     .   j - +0 cloak
rCorr   +          Rampage  .   r - +0 pair of gloves
Will    +....                   (boots unavailable)
Stlth   ..........              (no amulet)
HPRegen 1.10/turn               w - ring of poison resistance
MPRegen 0.13/turn               C - +6 ring of intelligence

@: berserking, flying quickly and evasively, very quick
A: beak, talons 3, nimble flight
a: Renounce Religion, Berserk, Trog's Hand, Brothers in Arms


You were on level 12 of the Dungeon.
You worshipped Trog.
Trog was extremely pleased with you.
You visited 1 branch of the dungeon, and saw 12 of its levels.

You collected 895 gold pieces.
You spent 225 gold pieces at shops.

Inventory:

Hand Weapons
 e - a +3 flail of holy wrath
 f - the +6 broad axe "Juowk" (weapon) {elec, Will+ Dex+4}
   (You bought it in a shop on level 3 of the Dungeon)

   It occasionally discharges a powerful burst of electricity upon striking a
   foe.
   Dex:       It affects your dexterity (+4).
   Will:      It increases your willpower.
 B - a +2 hand axe of flaming
 K - a +5 battleaxe
Missiles
 E - 2 throwing nets (quivered)
Armour
 j - a +0 cloak (worn)
 r - a +0 pair of gloves (worn)
 s - the +3 ring mail of Ime Rorr (worn) {rF- Regen+ rCorr}
   (You found it on level 3 of the Dungeon)

   rF:        It makes you vulnerable to fire.
   Regen:     It increases your rate of health regeneration.
   rCorr:     It protects you from acid and corrosion.
 L - a +0 kite shield (worn)
Jewellery
 w - a ring of poison resistance (left hand)
 C - a +6 ring of intelligence (right hand)
Wands
 v - a wand of mindburst (23)
 y - a wand of charming (17)
 A - a wand of digging (8)
 D - a wand of acid (10)
 F - a wand of flame (18)
Scrolls
 a - 2 scrolls of butterflies {unknown}
 b - a scroll of summoning {unknown}
 h - 2 scrolls of fear
 i - 4 scrolls of poison
 k - a scroll of acquirement {unknown}
 l - 3 scrolls of vulnerability {unknown}
 m - 2 scrolls of enchant armour {unknown}
 n - 6 scrolls of teleportation
 x - a scroll of blinking {unknown}
 z - a scroll of torment {unknown}
 G - 3 scrolls of enchant weapon {unknown}
 I - 2 scrolls of noise {unknown}
 J - 3 scrolls of magic mapping
Potions
 c - 3 potions of mutation
 d - 2 potions of might {unknown}
 g - 9 potions of curing
 o - 2 potions of brilliance {unknown}
 p - 3 potions of cancellation {unknown}
 q - a potion of lignification {unknown}
 u - 3 potions of heal wounds
 H - 2 potions of haste
 M - a potion of berserk rage {unknown}


   Skills:
 * Level 11.1 Fighting
 + Level 13.7(14.1) Axes
 + Level 5.8(10.6) Polearms
 * Level 10.3 Armour
 + Level 5.8 Dodging
 + Level 3.3 Stealth


You had 11 spell levels left.
You didn't know any spells.
Your spell library was empty.

Dungeon Overview and Level Annotations

Branches:
Dungeon (12/15)            Temple (0/1) D:4            Lair (0/5) D:8
    Orc (0/2) D:10

Altars:
Hepliaklqana
Kikubaaqudgha
Uskayaw
Zin

Shops:
D:3 (


Innate Abilities, Weirdness & Mutations

You have a beak for a mouth.
You have claws for feet.
Your magical nature lets you fly swiftly and evasively.


Message History

A death knight is nearby!
A death knight is nearby!
A death knight is nearby!
A death knight is nearby!
You barely miss the death knight.
You claw the death knight, but do no damage.
The death knight misses you.
You slice the death knight!!
Lightning courses through the death knight!
You claw the death knight.
The death knight is heavily wounded.
You recover from your berserk rage.
The death knight calls down the wrath of Yredelemnul upon you.
Your body is wracked with pain!
A red film seems to cover your vision as you go berserk!
You feel yourself moving faster!
You feel mighty!
The death knight hits you with a +3 morningstar!!
* * * LOW HITPOINT WARNING * * *
You barely miss the death knight. You claw the death knight!
Your peck misses the death knight.
The death knight is heavily wounded.
The death knight hits you with a +3 morningstar!
* * * LOW HITPOINT WARNING * * *
You hit the death knight.
The death knight is heavily wounded.
The death knight closely misses you.
You slash the death knight!
You claw the death knight, but do no damage.
You peck the death knight.
The death knight is severely wounded.
You closely miss the death knight. You claw the death knight!
You peck the death knight.
The death knight is almost dead.
The death knight hits you with a +3 morningstar.
* * * LOW HITPOINT WARNING * * *
You barely miss the death knight. Your kick misses the death knight.
Your peck misses the death knight.
The death knight is almost dead.
The death knight hits you with a +3 morningstar!!
You die...

#################
#[...........[..#
##'##########....#
#.).#...# #....#
#..@p...+ #....#
#...#...# #....#
.##########
##+###### #....#
...........#
#....#
...........#
#....#
...........#
#....#
..(........#
#....#
...........#
#....#
...........#
#)...#


You could see a death knight.

Vanquished Creatures
  A boulder beetle (D:12)
  A hydra (D:8)
  A centaur warrior (D:12)
  2 two-headed ogres
  A tengu warrior (D:12)
  A manticore (D:12)
  2 gargoyles
  A komodo dragon (D:8)
  An unseen horror (D:7)
  3 trolls
  2 dream sheep (D:8)
  A wraith (D:12)
  47 yaks
  A vampire (D:9)
  A wyvern (D:7)
  4 steam dragons
  Edmund (D:6)
  3 water moccasins (D:7)
  An orc warrior (D:9)
  3 ogres
  8 centaurs
  5 kobold brigands (D:8)
  2 phantoms (D:10)
  A necrophage (D:7)
  2 bullfrogs
  4 scorpions
  2 gnoll sergeants
  A troll zombie (D:10)
  9 killer bees
  4 howler monkeys
  Crazy Yiuf (D:6)
  3 jellies
  6 orc priests
  4 iguanas
  A gnoll bouda (D:7)
  5 orc wizards
  7 ogre zombies (D:10)
  7 adders
  14 gnolls
  2 shadow imps (D:6)
  3 white imps
  A worm (D:3)
  A dart slug (D:1)
  20 orcs
  5 ball pythons
  3 endoplasms
  A giant cockroach (D:1)
  2 goblins
  13 hobgoblins
  5 jackals
  11 kobolds
  4 quokkas
  5 bats
  2 frilled lizards (D:1)
  A goblin skeleton (D:10)
  5 goblin zombies (D:10)
  2 hobgoblin skeletons (D:10)
  2 hobgoblin zombies (D:10)
  3 orc skeletons (D:10)
  12 orc zombies (D:10)
  2 rats
269 creatures vanquished.

Vanquished Creatures (others)
  8 plants (D:8)
8 creatures vanquished.

Grand Total: 277 creatures vanquished

Notes
Turn   | Place    | Note
-------+----------+-------------------------------------------
     0 | D:1      | robertstho the Tengu Berserker began the quest for the Orb.
     0 | D:1      | Reached XP level 1. HP: 14/14 MP: 2/2
   327 | D:1      | Reached XP level 2. HP: 19/19 MP: 3/3
   886 | D:1      | Reached XP level 3. HP: 23/23 MP: 4/4
  1358 | D:2      | Found a faded altar of an unknown god.
  1383 | D:2      | Found a glowing silver altar of Zin.
  1454 | D:2      | Reached ** piety under Trog
  1543 | D:3      | Found Lues's Antique Weapon Boutique.
  1605 | D:3      | Reached XP level 4. HP: 29/29 MP: 5/5
  2180 | D:3      | Identified the +3 ring mail of Ime Rorr {rF- Regen+ rCorr}
  2453 | D:4      | Found a staircase to the Ecumenical Temple.
  2879 | D:5      | Entered Level 5 of the Dungeon
  2879 | D:5      | Found an ancient bone altar of Kikubaaqudgha.
  2956 | D:5      | Found a hazy altar of Hepliaklqana.
  2976 | D:5      | Noticed an ogre
  2978 | D:5      | Killed an ogre
  2979 | D:5      | Reached skill level 1 in Stealth
  2979 | D:5      | Gained mutation: Your magical nature lets you fly swiftly
                  | and evasively. [Tengu growth]
  2979 | D:5      | Reached XP level 5. HP: 34/34 MP: 6/6
  3009 | D:5      | Reached XP level 6. HP: 13/40 MP: 7/7
  3161 | D:5      | Reached skill level 5 in Fighting
  3715 | D:5      | Reached skill level 5 in Polearms
  3787 | D:3      | Bought a twisted broad axe for 225 gold pieces
  3787 | D:3      | Identified the +6 broad axe "Juowk" {elec, Will+ Dex+4}
                  | (You bought it in a shop on level 3 of the Dungeon)
  3930 | D:5      | Reached XP level 7. HP: 43/44 MP: 8/8
  4227 | D:6      | Noticed a steam dragon
  4233 | D:6      | Killed a steam dragon
  4300 | D:6      | Noticed Edmund
  4352 | D:6      | Killed Edmund
  4353 | D:6      | Reached skill level 1 in Axes
  4397 | D:6      | Reached XP level 8. HP: 51/51 MP: 9/9
  4441 | D:6      | Reached skill level 2 in Axes
  4615 | D:6      | Found a runed translucent door.
  4616 | D:6      | Noticed Crazy Yiuf
  4786 | D:6      | Reached skill level 3 in Axes
  4865 | D:6      | Killed Crazy Yiuf
  4866 | D:6      | Reached skill level 5 in Armour
  4988 | D:7      | Reached skill level 4 in Axes
  5014 | D:7      | Killed an unseen horror
  5015 | D:7      | Reached skill level 5 in Axes
  5015 | D:7      | Reached XP level 9. HP: 29/56 MP: 10/10
  5182 | D:7      | Reached skill level 6 in Axes
  5402 | D:7      | Reached *** piety under Trog
  5409 | D:7      | Reached skill level 7 in Axes
  5626 | D:8      | Found a staircase to the Lair.
  5626 | D:8      | Noticed a komodo dragon
  5638 | D:8      | HP: 4/85 [komodo dragon (20)]
  5639 | D:8      | Killed a komodo dragon
  5757 | D:8      | Identified the +0 hand axe of Radioh {freeze, *Noise rElec
                  | rC++ Str+2}
  5820 | D:8      | Reached skill level 8 in Axes
  5829 | D:8      | Reached XP level 10. HP: 63/63 MP: 11/11
  6004 | D:8      | Noticed a three-headed hydra
  6010 | D:8      | Killed a one-headed hydra
  6011 | D:8      | Reached skill level 9 in Axes
  6452 | D:9      | Reached skill level 10 in Axes
  6487 | D:9      | Found a hide-covered altar of Uskayaw.
  6519 | D:9      | Noticed a two-headed ogre
  6525 | D:9      | Killed a two-headed ogre
  6526 | D:9      | Reached skill level 5 in Dodging
  6892 | D:10     | Entered Level 10 of the Dungeon
  6901 | D:10     | Reached XP level 11. HP: 68/69 MP: 12/12
  6913 | D:10     | Reached **** piety under Trog
  6917 | D:10     | Reached skill level 11 in Axes
  7029 | D:10     | Found a staircase to the Orcish Mines.
  7122 | D:10     | Reached ***** piety under Trog
  7407 | D:11     | Received a gift from Trog
  7418 | D:11     | Reached skill level 12 in Axes
  7421 | D:11     | Reached skill level 10 in Fighting
  7896 | D:11     | Noticed a two-headed ogre
  7906 | D:11     | Killed a two-headed ogre
  7907 | D:11     | Reached XP level 12. HP: 43/78 MP: 13/13
  7910 | D:11     | Reached skill level 13 in Axes
  8154 | D:12     | Noticed a centaur warrior
  8163 | D:12     | Killed a centaur warrior
  8239 | D:12     | Reached skill level 10 in Armour
  8325 | D:12     | Noticed a boulder beetle
  8331 | D:12     | Killed a boulder beetle
  8398 | D:12     | Noticed a tengu warrior
  8415 | D:12     | Killed a tengu warrior
  8442 | D:12     | Noticed a death knight
  8451 | D:12     | Slain by a death knight

Illustrated notes

Levels and vault maps discovered:
D:1:      lightli_arrival_farm, layout_basic
D:2:      layout_rooms, hellmonk_ecumenical_altar_pennies_from_heaven,
          basic_altar
D:3:      layout_basic, serial_shops, shop, corexii_leaking_fountain
D:4:      layout_rooms, minmay_temple_entry_offerings
D:5:      layout_loops_cross, grunt_temple_overflow_open
D:6:      layout_basic, uniq_edmund, uniq_crazy_yiuf_cottage
D:7:      minmay_evil_eye, layout_basic, corner_web_ring
D:8:      layout_loops_ring, david_lair_shrubbed, hangedman_ranch
D:9:      layout_basic, mainiacjoe_overflow_cross_hatched
D:10:     layout_cross, zombieorc2_lemuel
D:11:     layout_gridville
D:12:     layout_gridville, minmay_evil_grid

Skill      XL: |  1  2  3  4  5  6  7  8  9 10 11 12 |
---------------+-------------------------------------+-----
Fighting       | 4 5 6 7 8 10 11 | 11.1
Polearms       | 4 5 |  5.8
Armour         | 3 4 6 7 8 9 10 | 10.3
Stealth        | 1 2 3 |  3.3
Dodging        | 3 4 5 |  5.8
Axes           | 1 5 8 10 12 13 | 13.7

Action                   |  1- 3 |  4- 6 |  7- 9 | 10-12 || total
-------------------------+-------+-------+-------+-------++-------
Melee: Spear             |    89 |    94 |       |       ||   183
       Kick              |    17 |    22 |    37 |    81 ||   157
       Peck              |     8 |     9 |    22 |    51 ||    90
       Broad axe         |       |     1 |   120 |   258 ||   379
       Punch             |       |       |     1 |       ||     1
       Hand axe          |       |       |       |     7 ||     7
Invok: Berserk           |       |     6 |     8 |     8 ||    22
       Trog's Hand       |       |     1 |       |       ||     1
Evoke: Wand              |       |       |     1 |       ||     1
  Use: Scroll            |     4 |     2 |     2 |     2 ||    10
       Potion            |       |     1 |     1 |       ||     2
 Stab: Sleeping          |     1 |       |     1 |     2 ||     4
Armor: Animal skin       |     8 |    14 |       |       ||    22
       Leather armour    |       |     4 |       |       ||     4
       Ring mail         |       |       |    50 |    83 ||   133
Dodge: Dodged            |    35 |    43 |   103 |   216 ||   397
